Map: [TLMC19] Sulfur

Players

Dark

  • Race: Zerg Zerg
  • Spawn Location: 1:00

LiquidMaNa (MaNa) - Winner!

  • Race: Protoss Protoss
  • League: Master
  • Spawn Location: 7:00

VOD

Have the link to the VOD?

Description

Time

  • Played on: Dec. 22, 2023, 7:08 a.m.
  • Length: 9:51
Show
View Real Time Build Order
Export as new Build Order

Dark Zerg 

Build Orders: 3 Hatch before Pool 

Get SALT Encoding   

  12  0:00  Drone  
  13  0:17  Overlord  
  13  0:18  Drone  
  14  0:35  Drone x2  
  16  0:50  Hatchery  
  16  0:52  Drone  
  16  0:57  Drone  
  16  1:02  Drone  
  18  1:21  Hatchery  
  18  1:24  Drone  
  18  1:27  Extractor  
  17  1:40  Spawning Pool  
  17  1:43  Drone  
  17  1:46  Drone  
  18  1:50  Drone  
  19  1:58  Drone  
  20  2:18  Hatchery  
  19  2:31  Zergling x2  
  19  2:34  Metabolic Boost  
  19  2:36  Drone  
  21  2:41  Drone x2  
  23  2:48  Queen  
  25  3:00  Zergling x8  
  26  3:25  Overlord  
  26  3:41  Drone  
  26  3:47  Drone x4  
  31  3:53  Drone  
  31  3:54  Drone  
  33  3:58  Drone x3  
  35  4:10  Hatchery  
  36  4:19  Queen  
  36  4:20  Baneling Nest  
  35  4:25  Overlord  
  35  4:26  Zergling x2  
  36  4:40  Overlord  
  36  4:44  Zergling x10  
  36  4:45  Zergling x2  
  42  4:46  Zergling x2  
  42  4:51  Zergling x2  
  44  4:58  Overlord  
  44  5:00  Zergling x2  
  45  5:10  Zergling x4  
  47  5:19  Baneling x5  
  47  5:23  Drone x5  
  47  5:28  Drone x2  
  53  5:33  Queen  
  53  5:35  Drone x2  
  57  5:37  Drone  
  57  5:40  Roach Warren  
  57  5:41  Extractor  
  56  5:51  Drone x3  
  61  5:59  Overlord  
  61  6:00  Drone x2  
  61  6:03  Drone x2  
  65  6:15  Extractor  
  65  6:17  Overlord  
  64  6:22  Roach x4  
  72  6:29  Overlord  
  72  6:32  Overlord  
  70  6:34  Overlord, Roach  
  70  6:37  Zergling x6, Roach x2  
  70  6:38  Zergling x4  
  81  6:41  Overlord  
  81  6:42  Ravager  
  81  6:46  Overlord  
  82  6:49  Zergling x10  
  82  6:51  Ravager  
  89  6:54  Zergling x2  
  89  6:56  Ravager  
  89  7:00  Zergling x6  
  92  7:06  Ravager  
  92  7:07  Zergling x10  
  95  7:16  Zergling x6  
  95  7:26  Zergling x2  
  95  7:27  Zergling x4  
  88  7:30  Ravager  
  88  7:32  Zergling x6  
  88  7:36  Zergling x4  
  84  7:41  Ravager  
  84  7:42  Roach  
  79  7:48  Roach  
  75  7:52  Roach x4  
  75  7:58  Roach x2  
  81  7:59  Zergling x6  
  84  8:11  Zergling x6  
  76  8:21  Zergling x6  
  76  8:26  Roach x2  
  80  8:28  Lair  
  80  8:29  Drone  
  80  8:33  Drone x6  
  87  8:37  Drone  
  87  8:38  Drone  
  87  8:40  Queen  
  88  8:43  Drone x4  
  91  8:50  Drone x2  
  91  8:52  Drone  
  90  8:56  Hatchery  
  90  9:00  Drone x2  
  90  9:01  Drone x3  
  93  9:05  Roach x4  
  99  9:12  Roach  
  99  9:13  Roach  
  99  9:14  Extractor  
  99  9:15  Extractor, Roach x3  
  107  9:18  Ravager  
  107  9:20  Ravager, Roach  
  107  9:23  Drone  
  112  9:25  Extractor, Roach  
  112  9:30  Roach  
Show
View Real Time Build Order
Export as new Build Order

LiquidMaNa Protoss - Winner!

Build Orders:  

Get SALT Encoding   

  12  0:00  Probe  
  13  0:12  Probe  
  14  0:18  Pylon  
  14  0:27  Probe (Chrono Boost)  
  15  0:39  Probe (Chrono Boost)  
  16  0:44  Gateway  
  16  0:47  Probe (Chrono Boost)  
  17  0:50  Assimilator  
  17  0:53  Probe  
  18  1:05  Probe  
  19  1:18  Probe  
  20  1:23  Forge  
  20  1:33  Cybernetics Core  
  20  1:36  Pylon  
  20  1:37  Probe  
  21  1:49  Probe  
  21  1:53  Pylon  
  22  1:58  Photon Cannon  
  22  2:10  Adept (Chrono Boost)  
  22  2:12  Photon Cannon  
  22  2:14  Photon Cannon  
  24  2:18  Probe  
  25  2:30  Probe  
  25  2:31  Adept  
  25  2:36  Warp Gate  
  28  2:48  Photon Cannon  
  28  2:55  Probe  
  29  3:01  Adept  
  31  3:08  Probe  
  30  3:20  Probe  
  31  3:28  Assimilator, Pylon  
  31  3:29  Nexus  
  31  3:35  Adept  
  31  3:41  Probe  
  33  3:51  Robotics Facility, Protoss Ground Weapons Level 1  
  33  3:54  Probe  
  33  4:06  Probe  
  34  4:20  Probe  
  34  4:23  Gateway  
  35  4:24  Gateway  
  35  4:25  Sentry  
  37  4:32  Probe, Pylon  
  38  4:41  Warp Prism (Chrono Boost)  
  39  4:47  Probe  
  39  4:50  Probe  
  41  4:54  Sentry  
  44  5:00  Probe (Chrono Boost)  
  44  5:03  Probe (Chrono Boost)  
  45  5:12  Probe (Chrono Boost)  
  45  5:14  Observer, Robotics Bay  
  48  5:18  Photon Cannon  
  46  5:21  Stalker  
  46  5:24  Probe  
  49  5:34  Shield Battery  
  50  5:36  Probe  
  50  5:38  Immortal (Chrono Boost)  
  54  5:43  Probe  
  54  5:48  Probe  
  56  5:56  Probe  
  57  6:00  Probe  
  58  6:08  Colossus (Chrono Boost)  
  58  6:13  Nexus  
  58  6:15  Probe  
  58  6:17  Probe  
  66  6:22  Zealot  
  68  6:27  Assimilator x2  
  68  6:33  Probe  
  69  6:40  Observer  
  69  6:42  Protoss Ground Armor Level 1  
  69  6:44  Probe  
  69  6:46  Pylon  
  70  6:47  Pylon  
  70  7:00  Disruptor (Chrono Boost)  
  70  7:01  Shield Battery  
  70  7:04  Pylon, Probe x2  
  76  7:16  Stalker x2, Probe, Zealot  
  74  7:39  Zealot x3  
  68  7:58  Immortal  
  68  7:59  Stalker x2  
  68  8:00  Stalker  
  68  8:03  Gateway  
  72  8:06  Gateway  
  68  8:19  Probe x2  
  68  8:23  Stalker x2  
  68  8:24  Stalker  
  70  8:31  Probe x2  
  70  8:32  Photon Cannon  
  72  8:34  Shield Battery  
  72  8:37  Probe  
  72  8:41  Immortal  
  77  8:43  Probe x2  
  79  8:48  Zealot  
  79  8:49  Probe  
  79  8:52  Zealot x2  
  86  8:58  Twilight Council  
  86  9:08  Stalker  
  86  9:09  Zealot x2  
  92  9:13  Stalker  
  92  9:14  Zealot  
  96  9:22  Nexus  
  96  9:28  Observer  
  96  9:29  Sentry x2  
  101  9:32  Assimilator  
  101  9:33  Zealot  
  101  9:34  Assimilator  
  101  9:36  Stalker x2  
Tags
 
Add a new tag
Caveats
  • Supply blocks, unpowered buildings, or Contaminate may cause inaccurate times.
  • Supply counts are checked every 10 seconds.